Map: Lerilak Crest

Players

capac - Winner!

  • Race: Terran Terran
  • League: Gold

ghojwI

  • Race: Zerg Zerg
  • League: Gold

VOD

Have the link to the VOD?

Description

Time

  • Played on: March 5, 2016, 12:53 p.m.
  • Length: 13:36
Show
View Real Time Build Order
Export as new Build Order

capac Terran - Winner!

Build Orders: MMM Bio 

Get SALT Encoding   

  12  0:00  SCV  
  13  0:13  SCV  
  14  0:18  Supply Depot  
  14  0:25  SCV  
  15  0:40  SCV  
  15  0:41  Barracks  
  16  0:51  Refinery  
  16  0:52  SCV  
  18  1:04  SCV  
  18  1:16  SCV  
  19  1:28  SCV  
  20  1:32  Command Center  
  20  1:40  Barracks Reactor, SCV  
  21  1:50  Supply Depot  
  21  1:56  Orbital Command  
  21  2:13  Barracks  
  21  2:18  Marine x2  
  23  2:29  SCV  
  24  2:30  Factory  
  24  2:36  Marine x2  
  26  2:41  SCV  
  27  2:46  Refinery  
  27  2:55  Marine x2  
  28  3:01  Bunker  
  28  3:04  Orbital Command  
  28  3:11  Barracks Tech Lab  
  28  3:17  Marine x2  
  28  3:18  Factory Tech Lab  
  30  3:24  SCV  
  31  3:35  Marine x3  
  31  3:37  Siege Tank  
  31  3:41  SCV  
  38  3:48  SCV  
  39  3:52  Marine x2  
  41  3:57  Supply Depot  
  42  4:02  SCV  
  42  4:06  Marine, SCV  
  42  4:08  Stimpack  
  44  4:13  Marine x2  
  46  4:19  Starport, SCV  
  46  4:20  SCV  
  48  4:32  Supply Depot  
  48  4:46  SCV x2  
  48  4:47  Bunker  
  48  4:48  Siege Tank  
  48  4:51  Marine  
  54  4:53  Marine  
  54  4:57  Starport Reactor  
  54  4:58  Barracks, SCV  
  54  4:59  SCV  
  57  5:01  Supply Depot  
  57  5:10  SCV  
  57  5:11  SCV  
  59  5:14  Refinery  
  59  5:26  Supply Depot, Marine x2, SCV x2  
  59  5:27  Marine  
  59  5:28  Siege Tank  
  67  5:45  Medivac  
  67  5:47  SCV x2, Medivac  
  67  5:48  Supply Depot  
  73  5:53  Engineering Bay  
  73  5:54  Barracks Reactor  
  73  5:55  Engineering Bay  
  73  6:00  Barracks  
  73  6:01  Marine x3  
  73  6:03  Siege Tank  
  79  6:08  SCV x2  
  81  6:12  Refinery  
  81  6:22  SCV x2  
  81  6:23  Marine x2  
  81  6:24  Marine  
  86  6:29  Supply Depot  
  86  6:33  Terran Infantry Weapons Level 1, Terran Infantry Armor Level 1  
  86  6:36  Combat Shields  
  86  6:51  Barracks Reactor  
  86  6:52  Marine x5  
  91  6:59  Supply Depot  
  91  7:00  SCV x2  
  93  7:12  Supply Depot  
  93  7:14  Armory  
  93  7:26  Marine  
  93  7:27  Marine x3  
  93  7:28  Marine, Command Center  
  97  7:45  Liberator x2  
  92  7:57  Marine x3  
  92  7:58  Marine x4  
  88  8:00  Siege Tank  
  99  8:06  Supply Depot  
  99  8:11  Supply Depot  
  99  8:15  Marine x4  
  99  8:16  Marine  
  84  9:13  Marine x5  
  84  9:14  Marine x2  
  86  9:25  SCV  
  86  9:31  Marine x6  
  89  9:32  Marine  
  89  9:37  Missile Turret, SCV  
  95  9:39  Terran Infantry Weapons Level 2, Terran Infantry Armor Level 2  
  95  9:43  Orbital Command  
  95  9:46  SCV  
  95  9:48  Marine  
  95  9:49  Marine x3, SCV  
  101  9:54  Marine x3  
  101  9:57  Medivac  
  101  9:58  SCV  
  107  10:06  Marine x2  
  109  10:08  Refinery  
  109  10:11  Marine  
  109  10:12  Marine x3  
  113  10:20  Medivac  
  115  10:25  Refinery  
  115  10:26  Refinery  
  115  10:31  Siege Tank  
  115  10:32  Medivac  
  120  10:39  Starport  
  120  10:41  Missile Turret  
  120  10:43  Marine x2  
  120  10:44  Marine x3, Missile Turret  
  120  10:46  Missile Turret  
  125  10:53  Liberator  
  125  10:54  Liberator  
  125  11:02  Missile Turret  
  125  11:03  Supply Depot  
  125  11:05  Supply Depot  
  125  11:07  Supply Depot  
  125  11:09  Siege Tank  
  134  11:17  Terran Ship Weapons Level 1  
  134  11:18  SCV x2  
  136  11:19  SCV  
  137  11:32  Marine x2  
  137  11:33  Marine x4  
  137  11:34  Marine  
  137  11:36  Starport Reactor  
  137  11:38  Starport  
  144  11:45  SCV  
  144  11:46  Siege Tank  
  148  11:50  Marine x3  
  148  11:51  Marine x3  
  154  12:09  Marine x3  
  154  12:10  Marine x3  
  154  12:14  Liberator  
  154  12:15  Liberator  
  160  12:28  Marine x3  
  160  12:29  Marine x2  
  165  12:30  Starport Reactor  
  171  13:10  Supply Depot  
Show
View Real Time Build Order
Export as new Build Order

ghojwI Zerg 

Build Orders: Hatch First, Ravager All-In 

Get SALT Encoding   

  12  0:01  Drone  
  13  0:12  Overlord  
  13  0:17  Drone  
  14  0:30  Drone x2  
  14  0:34  Drone  
  17  0:55  Drone  
  17  0:56  Hatchery  
  17  0:58  Drone  
  18  1:12  Spawning Pool  
  18  1:14  Drone  
  18  1:19  Extractor, Drone  
  18  1:27  Drone  
  19  1:38  Drone  
  20  1:49  Drone  
  20  1:52  Extractor  
  20  1:59  Queen  
  22  2:08  Queen  
  22  2:09  Zergling x2  
  22  2:10  Zergling x2  
  26  2:17  Overlord  
  26  2:22  Drone  
  27  2:27  Roach Warren, Drone  
  27  2:30  Drone  
  27  2:36  Drone  
  29  2:40  Drone  
  30  2:44  Overlord  
  30  2:52  Overlord  
  30  3:10  Roach x4  
  38  3:13  Roach  
  38  3:18  Roach  
  42  3:31  Ravager  
  43  3:38  Ravager x3  
  47  3:41  Ravager  
  47  3:47  Drone x5  
  47  3:48  Overlord  
  52  4:06  Drone x7  
  59  4:12  Drone  
  60  4:20  Overlord x2  
  57  4:33  Drone x3  
  60  4:40  Hatchery  
  60  4:42  Drone x3  
  62  4:55  Extractor  
  62  4:57  Extractor  
  60  5:01  Drone x4  
  64  5:09  Evolution Chamber x2, Lair  
  64  5:11  Metabolic Boost  
  62  5:22  Drone x6  
  62  5:27  Queen  
  70  5:35  Zerg Missile Weapons Level 1  
  70  5:40  Zerg Ground Armor Level 1  
  70  5:44  Drone x5  
  70  5:45  Drone  
  70  5:47  Overlord  
  76  5:50  Extractor  
  76  5:52  Queen  
  76  5:54  Extractor  
  76  6:01  Roach x3  
  82  6:04  Overlord  
  82  6:09  Roach x2  
  86  6:14  Overseer  
  86  6:24  Hydralisk Den  
  85  6:28  Drone x9  
  94  6:42  Roach  
  94  6:43  Roach  
  94  6:44  Overlord  
  94  6:45  Overlord x3  
  98  7:02  Hydralisk  
  98  7:03  Hydralisk x6  
  112  7:16  Nydus Network  
  111  7:27  Hatchery  
  110  7:33  Roach x9  
  128  7:39  Queen  
  113  7:52  Ravager  
  110  8:10  Roach x10  
  130  8:12  Overlord  
  130  8:13  Overlord  
  130  8:18  Nydus Canal  
  130  8:28  Overlord x3  
  104  8:58  Roach x9  
  104  8:59  Roach x4  
  97  9:17  Hydralisk  
  97  9:18  Hydralisk x5  
  99  9:29  Hydralisk  
  99  9:30  Hydralisk x3  
  107  9:36  Pneumatized Carapace  
  107  9:40  Zerg Missile Weapons Level 2, Zerg Ground Armor Level 2  
  107  9:42  Muscular Augments  
  107  9:57  Hydralisk x6  
  119  10:05  Drone x6  
  125  10:17  Spore Crawler  
  125  10:20  Spore Crawler  
  123  10:32  Roach  
  123  10:33  Roach x8  
  141  10:42  Ravager x3  
  144  10:43  Ravager x4  
  148  11:05  Queen, Extractor  
  148  11:08  Extractor  
  148  11:09  Drone  
  148  11:10  Drone x4  
  148  11:11  Drone x4  
  157  11:23  Roach  
  157  11:24  Roach x6  
  171  11:33  Hatchery  
  170  11:46  Infestation Pit  
  169  11:50  Overlord x3  
  169  11:51  Overlord  
  169  12:02  Overlord x2  
  169  12:20  Roach  
  169  12:21  Roach x14  
  199  12:24  Pathogen Glands  
Tags
 
Composition
MMM Bio
League
GoldGold
Matchup
TvZ
Add a new tag
Caveats
  • Supply blocks, unpowered buildings, or Contaminate may cause inaccurate times.
  • Supply counts are checked every 10 seconds.